 Dungeon Crawl Stone Soup version 0.28.0-1-gb440e238dd (webtiles) character file.

Game seed: 8127896056010158109

25034 Fallenstar the Bludgeoner (level 12, -10/101 HPs)
             Began as a Minotaur Fighter on Feb 19, 2022.
             Was an Elder of Hepliaklqana.
             Shot with a bolt by an orc warrior (14 damage)
             ... on level 2 of the Orcish Mines.
             The game lasted 01:10:00 (11553 turns).

Fallenstar the Bludgeoner (Minotaur Fighter)       Turns: 11553, Time: 01:10:01

Health: -10/101    AC: 22    Str: 32    XL:     12   Next: 85%
Magic:  11/11      EV:  8    Int:  5    God:    Hepliaklqana [****..]
Gold:   1502       SH:  6    Dex: 10    Spells: 11/11 levels left

rFire   . . .      SeeInvis .   d - +3 mace of Execution {drain, Str+6}
rCold   . . .      Faith    .   c - +0 buckler
rNeg    . . .      Spirit   .   F - +0 plate armour
rPois   .          Reflect  .   (helmet restricted)
rElec   .          Harm     .   b - +1 cloak
rCorr   .          Rampage  .   k - +0 pair of gloves
Will    +....                   u - +0 pair of boots
Stlth   ..........              e - amulet of regeneration
HPRegen 1.06/turn               f - ring of willpower
MPRegen 0.12/turn               (no ring)

@: no status effects
A: reduced essence, horns 2, retaliatory headbutt
a: Renounce Religion, Recall Ancestor, Ancestor Identity, Transference, Idealise


You were on level 2 of the Orcish Mines.
You worshipped Hepliaklqana.
Hepliaklqana was greatly pleased with you.
You visited 3 branches of the dungeon, and saw 15 of its levels.

You collected 1522 gold pieces.
You spent 20 gold pieces at shops.

Inventory:

Hand Weapons
 a - a +2 battleaxe
 d - the +3 mace of Execution (weapon) {drain, Str+6}
   (You took it off an orc on level 3 of the Dungeon)

   A truly terrible weapon, it drains the life of any living foe it strikes.
   Str:       It affects your strength (+6).
 o - a +0 dire flail of protection
Missiles
 i - 4 throwing nets (quivered)
Armour
 b - a +1 cloak (worn)
 c - a +0 buckler (worn)
 k - a +0 pair of gloves (worn)
 l - a +0 cloak
 u - a +0 pair of boots (worn)
 F - a +0 plate armour (worn)
Jewellery
 e - an amulet of regeneration (around neck)
 f - a ring of willpower (left hand)
 D - an amulet of the acrobat
Wands
 g - a wand of flame (36)
 r - a wand of acid (15)
 s - a wand of digging (5)
 x - a wand of iceblast (4)
 B - a wand of charming (10)
Scrolls
 j - a scroll of teleportation
 p - 5 scrolls of fog
 v - a scroll of magic mapping
 E - 2 scrolls of enchant weapon
Potions
 h - 2 potions of flight
 m - a potion of brilliance
 t - 2 potions of lignification
 z - a potion of heal wounds {unknown}
 G - a potion of degeneration {unknown}


   Skills:
 + Level 12.3 Fighting
 - Level 4.2(11.0) Axes
 + Level 15.6(15.9) Maces & Flails
 + Level 14.3 Armour
 - Level 0.7 Stealth
 + Level 10.0 Shields


You had 11 spell levels left.
You didn't know any spells.
Your spell library contained the following spells:

 Spells                   Type           Power      Damage    Failure   Level
 Animate Skeleton         Necr           0%         N/A       97%         1
 Shock                    Conj/Air       0%         1d3       97%         1
 Ensorcelled Hibernation  Hex/Ice        0%         N/A       99%         2
 Passwall                 Tmut/Erth      0%         N/A       99%         2
 Sublimation of Blood     Necr           0%         N/A       99%         2
 Gell's Gravitas          Tloc           0%         N/A       100%        3
 Lesser Beckoning         Tloc           0%         N/A       100%        3
 Spider Form              Tmut/Pois      0%         N/A       100%        3
 Swiftness                Air            0%         N/A       100%        3
 Teleport Other           Tloc           0%         N/A       100%        3
 Tukima's Dance           Hex            0%         N/A       100%        3
 Airstrike                Air            0%         N/A       100%        4
 Anguish                  Hex/Necr       0%         N/A       100%        4
 Agony                    Necr           0%         N/A       100%        5
 Enfeeble                 Hex            0%         N/A       100%        7
 Disjunction              Tloc           0%         N/A       100%        8


Dungeon Overview and Level Annotations

Branches:
Dungeon (12/15)            Temple (1/1) D:4            Lair (0/6) D:11
    Orc (2/2) D:9             Elf (0/3) Orc:2

Altars:
Ashenzari
Cheibriados
Dithmenos
Elyvilon
Fedhas
Gozag
Hepliaklqana
Kikubaaqudgha
Makhleb
Nemelex Xobeh
Okawaru
Qazlal
Ru
Sif Muna
Trog
Uskayaw
Vehumet
Wu Jian
Xom
Yredelemnul
Zin
The Shining One
Beogh

Shops:
D:4 *   Orc:1 **

Portals:
Trove: D:11 (lose all piety)

Annotations:
D:9 exclusions: oklob plant and statue
D:11 exclusion: 2 oklob plants
Orc:2 Azrael


Innate Abilities, Weirdness & Mutations

Your life essence is reduced to manifest your ancestor. (-10% HP)
You have a pair of horns on your head.
You reflexively headbutt those who attack you in melee.


Message History

As you read the scroll of teleportation, it crumbles to dust.
You feel strangely unstable. The hell hound closely misses you.
Cow hits the hell hound with a +0 quarterstaff!
The hell hound bites you but does no damage.
Azrael howls in rage.
Azrael gestures at you.
The sphere of damnation explodes!
The damnation engulfs you!!
* * * LOW HITPOINT WARNING * * *
The hell hound bites you.
* * * LOW HITPOINT WARNING * * *
Your surroundings suddenly seem different.
An orc warrior and an orc knight come into view.
The orc warrior shouts! x2; The orc knight shouts!
You hear a howl!
The orc warrior unwields a +0 broad axe.
The orc warrior wields a +0 arbalest.
The orc warrior shoots a bolt.
The bolt hits you but does no damage.
The orc knight roars a battlecry!
The orc warriors go into a battle-frenzy!
The orc warrior shoots a bolt.
The bolt barely misses you.
The bolt hits the orc warrior!!
The orc knight unwields a +0 glaive.
The orc knight wields a +0 arbalest.
The orc knight shoots a bolt.
You block the bolt.
The orc warrior hits you with a +0 great mace.
* * * LOW HITPOINT WARNING * * *
The orc warrior shoots a bolt.
The bolt barely misses you.
Okay, then.
The orc knight shoots a bolt.
The bolt hits you!
* * * LOW HITPOINT WARNING * * *
The orc warrior unwields a +0 great mace.
The orc warrior wields a +0 arbalest.
The orc warrior shoots a bolt.
The bolt hits you.
* * * LOW HITPOINT WARNING * * *
The orc warrior shoots a bolt.
The bolt closely misses you.
The orc warrior shoots a bolt.
The bolt hits you!
* * * LOW HITPOINT WARNING * * *
Okay, then.
The orc knight shoots a bolt.
The bolt hits you but does no damage.
A warg comes into view.
The orc warrior shoots a bolt.
The bolt hits you!
You die...

## ## #####.###.#..##
#. #.#....#......##..
# .............#...
##.# .................
#....##<..............
#.....@..............
##..#................
#.....................
..............o.......
#..#..........o.......
..........o...h.......
....................#.
..........##..#.......
..##.#.....###........


You could see an orc knight, a warg (wandering) and 2 orc warriors.

Vanquished Creatures
  Jorgrun (Orc:2)
  Harold (D:7)
  3 two-headed ogres
  4 orc knights
  An orc sorcerer (Orc:2)
  A cyclops (Orc:2)
  Maurice (Orc:2)
  A gargoyle (D:12)
  Joseph (D:7)
  The ghost of Kay the Chopper, a novice HOFi (D:5)
  A komodo dragon (D:11)
  3 trolls
  Grinder (D:4)
  A slime creature (D:12)
  2 wyverns (D:11)
  A shadow (D:9)
  2 wraiths (D:10)
  2 steam dragons (D:9)
  7 yaks
  Edmund (D:5)
  A warg (Orc:2)
  An acid dragon (D:5)
  16 orc warriors
  2 hornet zombies
  A black bear (D:4)
  8 ogres
  10 centaurs
  2 phantoms
  A kobold brigand (D:8)
  A scorpion (D:5)
  A water moccasin zombie (D:5)
  5 killer bees (D:8)
  A wight (D:9)
  6 howler monkeys
  A jelly (D:5)
  5 orc priests
  2 bullfrog skeletons
  2 hounds (D:5)
  4 iguanas
  Crazy Yiuf (D:3)
  2 centaur skeletons
  8 orc wizards
  A scorpion zombie (D:5)
  8 adders
  3 gnolls (D:4)
  A howler monkey skeleton (D:7)
  2 shadow imps
  2 white imps (D:7)
  An adder skeleton (D:4)
  2 worms
  6 dart slugs
  52 orcs
  4 ball pythons
  3 endoplasms
  4 goblins
  5 hobgoblins
  5 quokkas
  3 bats
  A frilled lizard (D:1)
  12 kobolds
  6 rats
238 creatures vanquished.

Vanquished Creatures (collateral kills)
  Snorg (D:10)
  Erolcha (D:9)
  A centaur warrior (D:9)
  3 two-headed ogres
  Pikel (D:8)
  An orc knight (Orc:1)
  A cyclops (Orc:1)
  An orc sorcerer (Orc:2)
  An unseen horror (D:11)
  Psyche (D:8)
  A troll (D:10)
  A vampire (D:12)
  A shadow (D:11)
  4 yaks
  2 fire elementals (Orc:2)
  A steam dragon (D:9)
  A warg (Orc:2)
  A hell hound (Orc:2)
  2 ice beasts (D:7)
  A black bear (D:8)
  12 orc warriors
  A lemure (D:8)
  A kobold brigand (D:11)
  A gnoll sergeant (D:8)
  A wyvern skeleton (D:6)
  2 howler monkeys (D:9)
  A centaur zombie (D:9)
  4 orc priests
  6 orc wizards
  An adder (D:5)
  3 gnolls (D:8)
  13 orcs
  A kobold (D:8)
74 creatures vanquished.

Vanquished Creatures (others)
  8 battlemagi
  2 orcs
  A kobold (D:8)
  A fungus (D:3)
  15 toadstools (D:9)
27 creatures vanquished.

Grand Total: 339 creatures vanquished

Notes
Turn   | Place    | Note
-------+----------+-------------------------------------------
     0 | D:1      | Fallenstar the Minotaur Fighter began the quest for the
                  | Orb.
     0 | D:1      | Reached XP level 1. HP: 19/19 MP: 0/0
    52 | D:1      | Reached XP level 2. HP: 27/27 MP: 1/1
   705 | D:2      | Reached XP level 3. HP: 29/33 MP: 2/2
   812 | D:2      | Found a faded altar of an unknown god.
   980 | D:2      | Found a glowing silver altar of Zin.
  1077 | D:2      | Identified the +4 dagger "Ogre's Curse" {vorpal, Int+2
                  | Dex+3}
  1104 | D:2      | Reached XP level 4. HP: 40/40 MP: 3/3
  1581 | D:3      | Found a shadowy altar of Dithmenos.
  1581 | D:3      | Found a burning altar of Makhleb.
  1581 | D:3      | Found a snail-covered altar of Cheibriados.
  1582 | D:3      | Found an ornate altar of the Wu Jian Council.
  1724 | D:3      | Identified the +3 mace of Execution {drain, Str+6}
  1901 | D:3      | Got Qusig's Guide on Dark Rituals and the Voyage
  2016 | D:3      | Found a runed translucent door.
  2017 | D:3      | Noticed Crazy Yiuf
  2219 | D:3      | Killed Crazy Yiuf
  2220 | D:3      | Reached skill level 1 in Maces & Flails
  2271 | D:4      | Found Fyafriti's General Store.
  2289 | D:4      | Bought a scroll of identify for 20 gold pieces
  2339 | D:4      | Reached skill level 2 in Maces & Flails
  2339 | D:4      | Reached XP level 5. HP: 47/47 MP: 4/4
  2350 | D:4      | Noticed an ogre
  2357 | D:4      | Killed an ogre
  2358 | D:4      | Reached skill level 3 in Maces & Flails
  2358 | D:4      | Reached skill level 5 in Armour
  2358 | D:4      | Reached XP level 6. HP: 52/53 MP: 5/5
  2550 | D:4      | Found a staircase to the Ecumenical Temple.
  2559 | Temple   | Entered the Ecumenical Temple
  2607 | Temple   | Became a worshipper of Hepliaklqana the Forgotten
  2663 | D:4      | Reached skill level 5 in Fighting
  2663 | D:4      | Reached skill level 4 in Maces & Flails
  3037 | D:4      | Noticed Grinder
  3047 | D:4      | Killed Grinder
  3048 | D:4      | Reached skill level 5 in Maces & Flails
  3048 | D:4      | Reached XP level 7. HP: 40/61 MP: 6/6
  3138 | D:5      | Entered Level 5 of the Dungeon
  3261 | D:5      | Reached skill level 6 in Maces & Flails
  3421 | D:5      | Noticed Edmund
  3422 | D:5      | Reached skill level 7 in Maces & Flails
  3422 | D:5      | Reached XP level 8. HP: 25/69 MP: 7/7
  3526 | D:5      | Killed Edmund
  3549 | D:5      | Reached * piety under Hepliaklqana
  3656 | D:5      | Found a runed translucent door.
  3658 | D:5      | Noticed Kay's ghost (novice HOFi)
  3689 | D:5      | Killed Kay's ghost
  3690 | D:5      | Reached skill level 8 in Maces & Flails
  3690 | D:5      | Reached skill level 5 in Shields
  3822 | D:5      | Reached skill level 9 in Maces & Flails
  4102 | D:6      | Noticed a +0 dagger
  4103 | D:6      | Noticed a +0 dagger
  4103 | D:6      | Noticed a +0 spear
  4104 | D:6      | Noticed a +0 short sword
  4104 | D:6      | Noticed a +0 falchion
  4104 | D:6      | Noticed a +0 falchion
  4105 | D:6      | Noticed a +0 spear
  4105 | D:6      | Noticed a +0 short sword
  4108 | D:6      | Found a hide-covered altar of Uskayaw.
  4447 | D:6      | Reached XP level 9. HP: 61/70 MP: 8/8
  4600 | D:6      | Reached skill level 10 in Maces & Flails
  4859 | D:7      | Reached ** piety under Hepliaklqana
  4860 | D:7      | Remembered your ancestor Cow as a battlemage
  4884 | D:7      | Found an opulent altar of Gozag.
  4908 | D:7      | Noticed Harold
  4917 | D:7      | Killed Harold
  4918 | D:7      | Reached skill level 11 in Maces & Flails
  5330 | D:7      | Noticed Joseph
  5342 | D:7      | Killed Joseph
  5343 | D:7      | Reached skill level 12 in Maces & Flails
  5536 | D:8      | Noticed Psyche
  5547 | D:8      | Killed Psyche
  5564 | D:8      | Reached XP level 10. HP: 77/77 MP: 9/9
  5949 | D:8      | Noticed Pikel
  5957 | D:8      | Killed Pikel
  6175 | D:8      | Reached *** piety under Hepliaklqana
  6434 | D:9      | Noticed Erolcha
  6447 | D:9      | Killed Erolcha
  6448 | D:9      | Reached skill level 13 in Maces & Flails
  6460 | D:9      | Noticed a two-headed ogre
  6467 | D:9      | Killed a two-headed ogre
  6468 | D:9      | Reached skill level 10 in Armour
  6597 | D:9      | Noticed a centaur warrior
  6607 | D:10     | Entered Level 10 of the Dungeon
  6725 | D:9      | Found a blossoming altar of Fedhas.
  6744 | D:9      | Noticed an oklob plant
  6783 | D:9      | Noticed a two-headed ogre
  6787 | D:9      | Killed a two-headed ogre
  6788 | D:9      | Reached XP level 11. HP: 38/87 MP: 10/10
  6954 | D:9      | Killed a centaur warrior
  6955 | D:9      | Reached skill level 14 in Maces & Flails
  7164 | D:9      | Found a radiant altar of Vehumet.
  7247 | D:9      | Found a staircase to the Orcish Mines.
  7815 | D:10     | Noticed Snorg
  7822 | D:10     | Killed Snorg
  8368 | D:10     | Found a broken altar of Ashenzari.
  8443 | D:11     | Noticed a two-headed ogre
  8450 | D:11     | Killed a two-headed ogre
  8478 | D:11     | Noticed a two-headed ogre
  8483 | D:11     | Killed a two-headed ogre
  8484 | D:11     | Reached skill level 10 in Fighting
  8597 | D:11     | Found a staircase to the Lair.
  8599 | D:11     | Noticed an oklob plant
  8603 | D:11     | Noticed an oklob plant
  8826 | D:11     | Found a portal to a secret trove of treasure.
  9502 | D:12     | Noticed a two-headed ogre
  9507 | D:12     | Killed a two-headed ogre
  9508 | D:12     | Reached skill level 15 in Maces & Flails
  9634 | D:12     | Reached **** piety under Hepliaklqana
  9644 | D:12     | Noticed a skeletal warrior
  9645 | D:12     | Noticed a skeletal warrior
  9658 | D:12     | Noticed a skeletal warrior
 10025 | Orc:1    | Entered Level 1 of the Orcish Mines
 10045 | Orc:1    | Reached XP level 12. HP: 97/97 MP: 9/11
 10100 | Orc:1    | Noticed a two-headed ogre
 10108 | Orc:1    | Killed a two-headed ogre
 10132 | Orc:1    | Found Eweap's General Store.
 10134 | Orc:1    | Found Ifeipn's Specific Store.
 10346 | Orc:2    | Entered Level 2 of the Orcish Mines
 10383 | Orc:2    | Found a staircase to the Elven Halls.
 10615 | Orc:2    | Noticed Maurice
 11421 | Orc:2    | Noticed Jorgrun
 11432 | Orc:2    | Killed Jorgrun
 11433 | Orc:2    | Reached skill level 10 in Shields
 11511 | Orc:2    | Killed Maurice
 11536 | Orc:2    | Noticed Azrael
 11552 | Orc:2    | HP: 3/101 [orc warrior/bolt (11)]
 11553 | Orc:2    | Shot with a bolt by an orc warrior

Illustrated notes

Levels and vault maps discovered:
D:1:      onia_arrival_pyramid, layout_loops_ring
D:2:      layout_basic, basic_altar, hellmonk_ecumenical_altar_defaced_shrine
D:3:      layout_basic, grunt_temple_overflow_open, uniq_crazy_yiuf_cottage
D:4:      layout_cave_pods, minmay_temple_entry_junction_2, serial_shops,
          nicolae_shop_stone, uniq_grinder
D:5:      layout_loops_cross, ebering_ghost_sewer_d, uniq_edmund
D:6:      layout_basic, nicolae_uskayaw_en_pointe, kennysheep_generic_room_12
D:7:      layout_basic, nicolae_gozag_cash_rules_everything_around_me,
          uniq_joseph, uniq_harold
D:8:      layout_basic, serial_glass, glass_columns_a, glass_columns_a,
          glass_columns_b, glass_columns_a, glass_columns_a, glass_columns_b,
          glass_columns_b, glass_columns_b, kennysheep_another_room,
          uniq_psyche, uniq_pikel
D:9:      layout_cave_pools, tgw_fedhas, vehumet_statue, orc_0_dummy,
          minmay_checkerbox, uniq_erolcha
D:10:     layout_loops_ring, kennysheep_mini_moat, uniq_snorg
D:11:     layout_loops_ring, dpeg_oklobed_lair, trove_entry_hex_spiral
D:12:     minmay_statue_hallways, layout_cave_pools, nicolae_fountain_basement
Temple:   cyrus_circular_temple
Orc:1:    layout_caves, basic_altar, special_room [special_room_orc],
          nicolae_specific_store
Orc:2:    st_orc_rangers, layout_caves, uniq_jorgrun, uniq_maurice, uniq_azrael

Skill      XL: |  1  2  3  4  5  6  7  8  9 10 11 12 |
---------------+-------------------------------------+-----
Armour         | 4 5 6 7 8 10 12 14 | 14.3
Axes           | 3 4 |  4.2
Shields        | 4 5 7 8 10 | 10.0
Fighting       | 4 5 6 7 9 10 12 | 12.3
Maces & Flails | 2 3 5 7 9 12 13 15 | 15.6
Stealth        | |  0.7

Action                   |  1- 3 |  4- 6 |  7- 9 | 10-12 || total
-------------------------+-------+-------+-------+-------++-------
Melee: War axe           |    67 |    29 |       |       ||    96
       Headbutt          |    10 |     8 |    36 |   105 ||   159
       Mace              |       |    52 |   200 |   431 ||   683
Invok: Recall Ancestor   |       |       |     1 |     4 ||     5
       Ancestor Identity |       |       |     1 |       ||     1
       Ancestor Life: Ba |       |       |     1 |       ||     1
  Use: Potion            |       |     4 |     2 |     7 ||    13
       Scroll            |       |       |     6 |    14 ||    20
 Stab: Distracted        |       |       |     2 |     6 ||     8
Armor: Scale mail        |    31 |    31 |    82 |    37 ||   181
       Plate armour      |       |       |       |   149 ||   149
Dodge: Dodged            |    25 |    41 |    68 |   173 ||   307
Block: Buckler           |    13 |    15 |    34 |   110 ||   172
